 Dungeon Crawl Stone Soup version 0.30.0-5-g1a98f26d00 (webtiles) character file.

Game seed: 10447659741177353793

763 hawla the Firebug (level 8, -3/57 HPs)
             Began as a Meteoran Fire Elementalist on May 13, 2023.
             Slain by an orc priest
             ... wielding a +0 hand axe
              (5 damage)
             ... on level 5 of the Dungeon.
             The game lasted 00:07:09 (1100 turns).

hawla the Firebug (Meteoran Fire Elementalist)      Turns: 1100, Time: 00:07:09

Health: -3/57      AC:  2    Str:  9    XL:     8   Next: 29%
Magic:  1/14       EV: 13    Int: 19    God:
Gold:   162        SH:  0    Dex: 15    Spells: 7/14 levels left

rFire   + . .        b - staff of fire
rCold   . . .        (no shield)
rNeg    . . .        a - +0 robe
rPois   .            (no helmet)
rElec   .            (no cloak)
rCorr   +            (no gloves)
SInv    .            (no boots)
Will    +....        (no amulet)
Stlth   +            c - ring of resist corrosion
HPRegen 0.29/turn    (no ring)
MPRegen 0.14/turn

%: no passive effects
@: mighty, glowing, unable to read
A: sense surroundings 1, otherworldly, glowing, explore regen, inability to read
after injury 1, MP-powered wands
a: no special abilities


You were on level 5 of the Dungeon.
You visited 1 branch of the dungeon, and saw 5 of its levels.

You collected 162 gold pieces.

Inventory:

Armour
 a - a +0 robe (worn)
Magical Staves
 b - a staff of fire (weapon)
Jewellery
 c - a ring of resist corrosion (left hand)
 l - a +4 ring of protection
Wands
 j - a wand of acid (8) (quivered)
 k - a wand of polymorph (9)
Scrolls
 d - a scroll of enchant armour {unknown}
 e - a scroll of silence {unknown}
 f - a scroll of fear
 g - a scroll of teleportation {unknown}
 h - a scroll of vulnerability {unknown}
 i - a scroll of fog {unknown}
 n - a scroll of noise {unknown}
 o - a scroll of enchant weapon {unknown}


   Skills:
 + Level 5.3 Staves
 - Level 3.1 Dodging
 - Level 1.4 Stealth
 - Level 3.9 Spellcasting
 - Level 5.4 Conjurations
 - Level 5.5 Fire Magic
 + Level 2.8 Evocations


You had 7 spell levels left.
You knew the following spells:

 Your Spells              Type           Power      Damage    Failure   Level
a - Foxfire               Conj/Fire      100%       2x1d9     1%          1
b - Scorch                Fire           74%        2d8       2%          2
c - Flame Wave            Conj/Fire      36%        2d10      14%         4

Your spell library contained the following spells:

 Spells                   Type           Power      Damage    Failure   Level
 Inner Flame              Hex/Fire       21%        N/A       13%         3
 Volatile Blastmotes      Fire/Tloc      42%        2d13      13%         3


Dungeon Overview and Level Annotations

Branches:
Dungeon (5/15) Zot: 1899
 Temple: D:4-7

Altars:
Ashenzari
Fedhas
Kikubaaqudgha
Qazlal
Zin
The Shining One

Shops:
D:4 (

Annotations:
D:5 2 runed translucent doors, bungle's ghost, novice DjCj


Innate Abilities, Weirdness & Mutations

You passively map a small area around you.
You are easily found by Zot.
You glow in the dark.
You regain HP and MP as you explore.
You occasionally lose the ability to read scrolls when taking damage.
You expend magic power (3 MP) to strengthen your wands.


Message History

You hear a shout!
A wave of flame ripples out!
The flame wave engulfs the orc priest but does no damage.
The orc priest is almost dead.
You finish channelling waves of flame.
You feel sick.
An orc wizard comes into view. It is wielding a +3 dagger.
Unknown command.
Casting: Flame Wave (dangerous; 14% risk of failure)
Confirm with . or Enter, or press ? or * to list all spells.
You feel a surge of power!
Flames lash the orc wizard.
You kill the orc wizard!
You feel sick.
A hound comes into view.
Your Staves skill increases to level 5!
You feel very mighty all of a sudden.
You feel sick. The hound bites you.
* * * LOW HITPOINT WARNING * * *
An orc comes into view. It is wielding a +0 flail.
You hit the hound! You burn the hound.
You kill the hound!
You feel sick.
The orc priest mumbles some strange prayers to Beogh against you.
Pain shoots through your body!
* * * LOW HITPOINT WARNING * * *
Unknown command.
You aren't carrying any potions.
* * * LOW HITPOINT WARNING * * *
You feel sick.
The orc priest invokes the aid of Beogh against you.
You resist with significant effort.
You see here a hound corpse.
You feel sick.
You are no longer poisoned.
The orc priest barely misses you. The orc priest misses you.
Casting: Scorch (safe; 2% risk of failure)
Confirm with . or Enter, or press ? or * to list all spells.
You feel a surge of power!
You conjure some foxfire!
The orc priest hits you with a +0 hand axe.
You die...

#≈.#.+................
*.)~~W+................
..⌠.#...........#.###
#.#.~#....†...........
**
##..##.........####### ,
#####.........#### # ..
#........###.....# .. *
...#..#v......##..#.##.#
......o@###.............
...#..ov# ....#.###.##.
, ##.#†######....##..# *
#.#....####.......## ,,
# ####...........^.. *
#######..####.. ** *
##..# #.. , ,,, ,
##.##### , ,* #..## #


You could see an orc priest and an orc (ally target).

Vanquished Creatures
  Grinder (D:4)
  A black bear (D:4)
  An ice beast (D:5)
  An ogre (D:4)
  A gnoll bouda (D:5)
  A sleepcap (D:5)
  4 hounds
  An iguana (D:5)
  An orc wizard (D:5)
  Robin (D:3)
  3 adders
  3 gnolls (D:5)
  2 ball pythons
  2 endoplasms
  6 goblins
  A hobgoblin (D:3)
  A kobold (D:4)
  2 quokkas
  A bat (D:3)
  2 rats (D:2)
36 creatures vanquished.

Vanquished Creatures (others)
  86 foxfires
86 creatures vanquished.

Grand Total: 122 creatures vanquished

Notes
Turn   | Place    | Note
-------+----------+-------------------------------------------
     0 | D:1      | hawla the Meteoran Fire Elementalist began the quest for
                  | the Orb.
     0 | D:1      | Reached XP level 1. HP: 14/14 MP: 5/5
    81 | D:3      | Reached XP level 2. HP: 19/20 MP: 3/6
    84 | D:3      | Learned a level 2 spell: Scorch
    90 | D:3      | Found a broken altar of Ashenzari.
   129 | D:3      | Noticed Robin
   171 | D:3      | Killed Robin
   172 | D:3      | Reached XP level 3. HP: 26/26 MP: 0/8
   212 | D:4      | Noticed a black bear
   215 | D:4      | Killed a black bear
   216 | D:4      | Reached skill level 5 in Fire Magic
   216 | D:4      | Reached XP level 4. HP: 33/33 MP: 5/10
   216 | D:4      | Reached XP level 5. HP: 38/38 MP: 5/11
   221 | D:4      | Learned a level 4 spell: Flame Wave
   270 | D:4      | Found an ancient bone altar of Kikubaaqudgha.
   270 | D:4      | Noticed Grinder
   274 | D:4      | Found a blossoming altar of Fedhas.
   288 | D:4      | Killed Grinder
   289 | D:4      | Reached skill level 5 in Conjurations
   289 | D:4      | Reached XP level 6. HP: 45/45 MP: 0/12
   289 | D:4      | Reached XP level 7. HP: 50/50 MP: 0/13
   315 | D:4      | Found a stormy altar of Qazlal.
   407 | D:4      | Reached skill level 1 in Evocations
   454 | D:4      | Reached skill level 1 in Staves
   531 | D:4      | Found Ejyuw's Antique Weapon Shop.
   733 | D:4      | Found a glowing golden altar of the Shining One.
   915 | D:5      | Entered Level 5 of the Dungeon
   918 | D:5      | Gained mutation: You occasionally lose the ability to read
                  | scrolls when taking damage. [potion of mutation]
   918 | D:5      | Gained mutation: You expend magic power (3 MP) to
                  | strengthen your wands. [potion of mutation]
   946 | D:5      | Reached XP level 8. HP: 20/57 MP: 0/14
   990 | D:5      | Found a glowing silver altar of Zin.
  1021 | D:5      | Found a large runed translucent door.
  1022 | D:5      | Found a large runed translucent door.
  1024 | D:5      | Noticed bungle's ghost (novice DjCj)
  1095 | D:5      | Reached skill level 5 in Staves
  1096 | D:5      | HP: 2/57 [orc priest/nerve-wracking pain (6)]
  1100 | D:5      | Slain by an orc priest

Illustrated notes

Levels and vault maps discovered:
D:1:      heliophobic_arrival_henge, layout_basic
D:2:      layout_basic, basic_ecumenical_altar, amethyst_killhole,
          minmay_misc_feat_diagonals, minmay_heptomino_d4
D:3:      layout_loops_corners, nicolae_ashenzari_skybound,
          lemuel_crystal_altar, kennysheep_cross_room, dk_noncrumbling_4,
          uniq_robin
D:4:      layout_gridville, grunt_temple_overflow_growth_and_decay,
          kennysheep_little_box, nicolae_qazlal_scattered_showers, serial_shops,
          nicolae_shop_back_alley_shop, eino_small_chamber_without_monster,
          uniq_grinder
D:5:      layout_rooms, zin_treasury, ebering_ghost_disaster_area,
          reono_crystal_passage

Skill      XL: |  1  2  3  4  5  6  7  8 |
---------------+-------------------------+-----
Fire Magic     | 4 5 |  5.5
Spellcasting   | 3 |  3.9
Dodging        | 3 |  3.1
Conjurations   | 5 |  5.4
Evocations     | 2 |  2.8
Staves         | 3 5 |  5.3
Stealth        | |  1.4

Action                     |  1- 3 |  4- 6 |  7- 9 || total
---------------------------+-------+-------+-------++-------
  Melee: Unarmed           |     7 |       |       ||     7
         Staff             |       |       |     6 ||     6
   Cast: Foxfire           |    22 |     7 |    23 ||    52
         Scorch            |     4 |     3 |    20 ||    27
         Flame Wave        |       |       |     1 ||     1
    Use: Scroll            |     2 |       |     2 ||     4
         Potion            |     1 |       |     2 ||     3
 Armour: Robe              |     2 |       |     5 ||     7
  Dodge: Dodged            |    10 |     1 |     7 ||    18
